 Dungeon Crawl Stone Soup version 0.22.1-1-ga44c0e5 (webtiles) character file.

264 Torikoriko the Twirler (level 5, -8/46 HPs)
             Began as a Draconian Gladiator on Nov 11, 2018.
             Mangled by a mummy (19 damage)
             ... in an ossuary.
             The game lasted 00:08:53 (2797 turns).

Torikoriko the Twirler (Draconian Gladiator)        Turns: 2797, Time: 00:08:54

Health: -8/46      AC:  7    Str: 16    XL:     5   Next: 98%
Magic:  5/5        EV: 13    Int: 10    God:
Gold:   244        SH:  0    Dex: 12    Spells: 4/4 levels left

rFire    . . .     SeeInvis .   r - +3 quarterstaff (chaos)
rCold    . . .     Gourm    .   (shield currently unavailable)
rNeg     . . .     Faith    .   (armour unavailable)
rPois    .         Spirit   .   b - +1 hat
rElec    .         Reflect  .   s - +0 cloak
rCorr    .         Harm     .   (no gloves)
MR       .....                  (no boots)
Stlth    +.........             (no amulet)
HPRegen  0.15/turn              (no ring)
MPRegen  0.09/turn              (no ring)

@: no status effects
A: unfitting armour, cold-blooded, AC +5
a: no special abilities


You were in an ossuary.
You were not hungry.

You visited 1 branch of the dungeon, and saw 4 of its levels.
You also visited: Ossuary.

You collected 244 gold pieces.

Inventory:

Hand Weapons
 a - a +0 quarterstaff
 r - a +3 quarterstaff of chaos (weapon)
Missiles
 c - a throwing net (quivered) {!f}
 g - 5 poisoned needles
 i - 72 stones
Armour
 b - a +1 hat (worn)
 s - a +0 cloak (worn)
Magical Staves
 v - an uncursed staff of power
Scrolls
 e - 4 scrolls of teleportation
 f - a scroll of remove curse {unknown}
 h - 6 scrolls of identify
 j - a scroll of enchant armour
 m - a scroll of magic mapping {unknown}
 o - a scroll of random uselessness
 p - 3 scrolls of fog
 q - a scroll of noise
 u - a scroll of immolation {unknown}
 x - a scroll of blinking {unknown}
Potions
 k - 3 potions of curing
 l - a potion of resistance {unknown}
 n - a potion of mutation {unknown}
 t - 5 potions of heal wounds
 w - a potion of might
Comestibles
 d - 7 rations


   Skills:
 + Level 3.9 Fighting
 * Level 5.1 Staves
 - Level 2.0 Throwing
 + Level 3.8 Dodging


You had 4 spell levels left.
You didn't know any spells.
Your spell library was empty.

Dungeon Overview and Level Annotations

Branches:
Dungeon (4/15)
 Temple: D:4-7

Altars:
Qazlal
Sif Muna
Uskayaw
The Shining One


Innate Abilities, Weirdness & Mutations

Your plain brown scales are hard. (AC +5)
You cannot fit into any form of body armour.
You are cold-blooded and may be slowed by cold attacks.


Message History

You sock the mummy!
The mummy is almost destroyed.
The mummy barely misses you.
You hit the mummy but do no damage.
The mummy is almost destroyed.
The mummy hits you!
You sock the mummy!
You destroy the mummy!
You hit the mummy but do no damage. The mummy hits you!
* * * LOW HITPOINT WARNING * * *
You thump the mummy!
The mummy is severely damaged.
You hit the mummy but do no damage.
You tail-slap the mummy, but do no damage.
The mummy is severely damaged.
The mummy barely misses you.
You hit the mummy but do no damage.
The mummy is severely damaged.
The mummy hits you!!
You die...

###############
.....MM@......##
.....####......##
... ##..##......#
...##....##.....#
................#
...............##
.............##
#........##'#
#......##..##


You could see 2 mummies.

Vanquished Creatures
  Crazy Yiuf (D:2)
  An orc wizard (D:3)
  A big kobold zombie (Ossuary)
  7 mummies (Ossuary)
  3 adders
  A worm (D:3)
  5 dart slugs
  A leopard gecko (D:2)
  3 orcs (D:3)
  3 giant cockroaches
  4 goblins
  9 hobgoblins
  8 jackals
  A quokka (D:3)
  5 bats
  A frilled lizard (D:2)
  5 hobgoblin zombies
  A jackal zombie (D:4)
  2 kobolds
  A kobold zombie (Ossuary)
  2 orc zombies (Ossuary)
  3 rats
68 creatures vanquished.

Notes
Turn   | Place    | Note
-------+----------+-------------------------------------------
     0 | D:1      | Torikoriko the Draconian Gladiator began the quest for the
                  | Orb.
     0 | D:1      | Reached XP level 1. HP: 17/17 MP: 1/1
   225 | D:1      | Found a glowing golden altar of the Shining One.
   281 | D:1      | Reached XP level 2. HP: 19/25 MP: 2/2
   961 | D:2      | Reached XP level 3. HP: 30/30 MP: 3/3
  1541 | D:2      | Found a stormy altar of Qazlal.
  1587 | D:2      | Found a runed door.
  1591 | D:2      | Noticed Crazy Yiuf
  1612 | D:2      | Killed Crazy Yiuf
  1612 | D:2      | Reached skill level 4 in Staves
  1612 | D:2      | Reached XP level 4. HP: 16/38 MP: 4/4
  1859 | D:3      | Found a deep blue altar of Sif Muna.
  1893 | D:3      | Found a hide-covered altar of Uskayaw.
  2246 | D:3      | Reached XP level 5. HP: 29/45 MP: 5/5
  2475 | D:4      | Found a sand-covered staircase.
  2491 | Ossuary  | Entered an ossuary
  2556 | Ossuary  | Reached skill level 5 in Staves
  2797 | Ossuary  | Mangled by a mummy

Skill      XL: |  1  2  3  4  5 |
---------------+----------------+-----
Throwing       | 2 |  2.0
Dodging        | 3 |  3.8
Fighting       | 3 |  3.9
Staves         | 4 5 |  5.1

Action                   |  1- 3 |  4- 6 || total
-------------------------+-------+-------++-------
Melee: Quarterstaff      |    83 |   117 ||   200
       Tailslap          |     9 |    15 ||    24
Throw: Throwing net      |     3 |       ||     3
  Use: Scroll            |       |     8 ||     8
       Potion            |       |     2 ||     2
 Stab: Paralysed         |       |     1 ||     1
  Eat: Chunk             |     1 |     5 ||     6
Armor: Skin              |    30 |    27 ||    57
Dodge: Dodged            |    69 |    65 ||   134
